 Dungeon Crawl Stone Soup version 0.27-a0-1242-ge70438ac7b (webtiles) character file.

Game seed: 16426710857765326760

884 EnegeticOcto the Cleaver (level 7, -2/62 HPs)
             Began as a Deep Dwarf Delver on June 9, 2021.
             Was a Believer of Okawaru.
             Slain by a warg (3 damage)
             ... on level 8 of the Dungeon.
             The game lasted 00:05:04 (757 turns).

EnegeticOcto the Cleaver (Deep Dwarf Delver)         Turns: 757, Time: 00:05:04

Health: -2/62      AC:  7    Str: 18    XL:     7   Next: 76%
Magic:  6/6        EV: 12    Int: 10    God:    Okawaru [**....]
Gold:   28         SH:  0    Dex: 14    Spells: 6/6 levels left

rFire    . . .     SeeInvis .   h - +1 war axe (venom)
rCold    . . .     Faith    .   (no shield)
rNeg     . . .     Spirit   .   q - +0 scale mail
rPois    .         Reflect  .   (no helmet)
rElec    .         Harm     .   (no cloak)
rCorr    .         Rampage  .   (no gloves)
Will     +....                  (no boots)
Stlth    +++.......             (no amulet)
HPRegen  0.00/turn              (no ring)
MPRegen  0.10/turn              (no ring)

@: heroic, marked
A: damage resistance, heal wounds, sense surroundings 1, no regeneration
a: Heal Wounds, Renounce Religion, Heroism


You were on level 8 of the Dungeon.
You worshipped Okawaru.
Okawaru was pleased with you.
You visited 2 branches of the dungeon, and saw 7 of its levels.

You collected 28 gold pieces.

Inventory:

Hand Weapons
 a - a +0 hand axe
 h - a +1 war axe of venom (weapon)
   (You found it on level 4 of the Dungeon)
Missiles
 d - 5 boomerangs (quivered)
Armour
 b - a +0 leather armour
 q - a +0 scale mail (worn)
   (You found it on level 8 of the Dungeon)
Wands
 g - a wand of digging (3) {@v3}
Scrolls
 c - 3 scrolls of fog {!r}
 e - a scroll of fear {!r}
 i - 2 scrolls of amnesia {unknown}
 j - 2 scrolls of identify {unknown}
 n - 2 scrolls of vulnerability {unknown}
 p - a scroll of noise {unknown}
Potions
 f - a potion of haste {@q4 !q}
 k - 2 potions of curing {unknown}
 l - a potion of attraction {unknown}
 m - a potion of lignification {unknown}
 o - a potion of degeneration {unknown}


   Skills:
 + Level 3.4(8.4) Fighting
 + Level 8.1(13.1) Axes
 - Level 2.1(7.1) Dodging
 - Level 6.0(11.0) Stealth
 - Level 6.0 Invocations


You had 6 spell levels left.
You didn't know any spells.
Your spell library was empty.

Dungeon Overview and Level Annotations

Branches:
Dungeon (8/15)             Temple (1/1) D:4            Lair (0/6) D:8

Altars:
Ashenzari
Cheibriados
Dithmenos
Elyvilon
Fedhas
Gozag
Hepliaklqana
Kikubaaqudgha
Nemelex Xobeh
Okawaru
Qazlal
Ru
Sif Muna
Trog
Uskayaw
Vehumet
Wu Jian
Xom
Yredelemnul
Zin
The Shining One

Annotations:
D:4 Ijyb


Innate Abilities, Weirdness & Mutations

You are resistant to damage.
You can heal yourself by infusing magical energy.
You passively map a small area around you.
You do not regenerate.


Message History

You hear a howl!
You hear a shout! x2; You hear a croak.
You hear a shout!
You hear an angry buzzing noise.
A warg comes into view.
Throw: 5 boomerangs
Press: ? - help, Q - select action Shift-Dir - straight line, f - warg
Aim: a warg (51% to hit)
You throw a boomerang.
The boomerang hits the warg but does no damage.
Throw: 5 boomerangs
Press: ? - help, Q - select action Shift-Dir - straight line, f/p - warg
Aim: a warg (51% to hit)
You throw a boomerang. The boomerang hits the warg.
The warg is lightly wounded.
An orc wizard comes into view. It is wielding a +0 dagger.
You gain the combat prowess of a mighty hero.
A warg comes into view.
Throw: 5 boomerangs
Press: ? - help, Q - select action Shift-Dir - straight line, f/p - warg
Aim: a warg (lightly wounded, 58% to hit)
You throw a boomerang. The boomerang closely misses the warg.
A warg comes into view.
An orc comes into view. It is wielding a +0 flail.
You closely miss the warg.
The warg is lightly wounded.
The warg barely misses you.
You slash the warg!
The warg is moderately wounded.
You barely miss the orc wizard. The warg bites you but does no damage.
An orc comes into view. It is wielding a +0 falchion.
The warg closely misses you.
You hit the warg but do no damage.
The warg is moderately wounded.
You closely miss the orc wizard. The warg bites you but does no damage.
You closely miss the warg.
The warg is moderately wounded.
You slash the orc wizard! You slash the warg!
The orc wizard casts a spell at you. You resist with almost no effort.
An orc priest comes into view. It is wielding a +0 club.
The orc throws a boomerang.
The boomerang hits you but does no damage.
The warg barely misses you. The warg closely misses you.
You slash the orc wizard!
You kill the orc wizard!
Okawaru accepts your kill.
You barely miss the warg. You closely miss the warg. The warg bites you.
The warg bites you! The warg bites you! The warg bites you.
You feel much better. The warg barely misses you. The warg misses you.
The orc hits you but does no damage. The warg bites you!
You closely miss the warg.
The warg is moderately wounded.
You hit the orc.
The orc is poisoned.
You slash the warg! The warg bites you! The warg bites you.
The orc closely misses you. The warg bites you.
You slice the warg!!
The warg is severely wounded.
You hit the orc. You slash the warg!
The warg looks as sick as possible!
The warg bites you.
An orc comes into view. It is wielding a +0 falchion.
The warg barely misses you. The orc barely misses you.
You hit the warg but do no damage.
The warg is severely wounded.
You hit the warg but do no damage.
The warg looks as sick as possible!
You hit the warg. You slash the orc!
You kill the orc!
Okawaru accepts your kill. The warg bites you! x2
* * * LOW HITPOINT WARNING * * *
The warg misses you.
Your magical essence is drained by the effort!
You feel much better.
The warg barely misses you. x3; The warg bites you! x2
You hit the orc priest.
The orc priest is poisoned.
The orc priest is lightly wounded.
You closely miss the warg. x2; You barely miss the warg.
The warg bites you!
The orc priest hits you but does no damage.
The warg bites you but does no damage. The warg barely misses you.
You hit the orc priest.
The orc priest looks as sick as possible!
The orc priest is severely wounded.
You barely miss the warg. You slash the warg!
You kill the warg!
Okawaru is honoured by your kill.
You hit the warg. The warg bites you!
* * * LOW HITPOINT WARNING * * *
The orc priest calls down the wrath of Beogh upon you.
Beogh smites you!
* * * LOW HITPOINT WARNING * * *
A hornet comes into view.
The warg misses you.
Training target 6.0 for Invocations reached!
Your base Fighting skill increases to level 3!
Your base Axes skill increases to level 8!
Your Invocations skill increases to level 6!
You fail to use your ability.
You kill the orc priest!
Okawaru accepts your kill. The warg bites you but does no damage.
The orc barely misses you.
An orc warrior comes into view. It is wielding a +0 battleaxe.
The warg bites you.
You die...

* *, ..#### .y....### ,
> .......### * ,
........ , , * ,##o....
* ##.....#* ** ## *
#....ho# ##) #...))@#
#########.) *
*##...h.######.........#
##....o..............#
#............###.....# *
#...........#####......
*
#..####.....####.......
#..#* ##............###
..# #...........## ..
#############


You could see a hornet, 2 wargs, an orc warrior and 2 orcs.

Vanquished Creatures
  A warg (D:8)
  2 black bears
  A phantom (D:6)
  A scorpion (D:6)
  A bullfrog (D:7)
  3 killer bees (D:7)
  A hound (D:6)
  An orc priest (D:8)
  A jelly (D:7)
  A bullfrog skeleton (D:7)
  An iguana (D:7)
  4 orc wizards
  A hound zombie (D:5)
  A howler monkey zombie (D:8)
  An adder (D:4)
  8 orcs
  2 endoplasms (D:4)
31 creatures vanquished.

Vanquished Creatures (others)
  13 plants (D:6)
13 creatures vanquished.

Grand Total: 44 creatures vanquished

Notes
Turn   | Place    | Note
-------+----------+-------------------------------------------
     0 | D:5      | EnegeticOcto the Deep Dwarf Delver began the quest for the
                  | Orb.
     0 | D:5      | Reached XP level 1. HP: 20/20 MP: 1/1
    61 | D:4      | Reached skill level 3 in Axes
    61 | D:4      | Reached XP level 2. HP: 18/27 MP: 2/2
    66 | D:4      | Found a staircase to the Ecumenical Temple.
    74 | Temple   | Entered the Ecumenical Temple
   100 | Temple   | Became a worshipper of Warmaster Okawaru
   154 | D:4      | Noticed Ijyb
   265 | D:6      | Noticed a phantom
   277 | D:6      | Your magical essence is drained by the effort!
   284 | D:6      | Reached skill level 4 in Axes
   284 | D:6      | Reached XP level 3. HP: 20/33 MP: 2/2
   295 | D:6      | Reached skill level 5 in Axes
   295 | D:6      | Reached XP level 4. HP: 12/40 MP: 3/3
   304 | D:6      | Your magical essence is drained by the effort!
   311 | D:6      | Killed a phantom
   311 | D:6      | Reached * piety under Okawaru
   312 | D:6      | Reached XP level 5. HP: 44/46 MP: 3/3
   314 | D:6      | Reached skill level 6 in Axes
   382 | D:6      | Noticed a black bear
   391 | D:6      | Killed a black bear
   392 | D:6      | Reached skill level 2 in Invocations
   415 | D:6      | Reached skill level 3 in Invocations
   415 | D:6      | Reached XP level 6. HP: 24/55 MP: 4/6
   471 | D:7      | Reached ** piety under Okawaru
   472 | D:7      | Reached skill level 7 in Axes
   472 | D:7      | Reached skill level 4 in Invocations
   553 | D:7      | Your magical essence is drained by the effort!
   561 | D:7      | Reached XP level 7. HP: 51/61 MP: 7/7
   585 | D:7      | Reached skill level 5 in Invocations
   681 | D:8      | Your magical essence is drained by the effort!
   754 | D:8      | Your magical essence is drained by the effort!
   756 | D:8      | HP: 1/61 [orc priest/divine providence (11)]
   756 | D:8      | Noticed a hornet
   757 | D:8      | Reached skill level 3 in Fighting
   757 | D:8      | Reached skill level 8 in Axes
   757 | D:8      | Reached skill level 6 in Invocations
   757 | D:8      | Slain by a warg

Illustrated notes

Levels and vault maps discovered:
D:3:      layout_loops_corners, amcnicky_altar_gilded,
          minmay_misc_feat_diagonals
D:4:      layout_gridville, minmay_temple_entry_junction, serial_shops,
          nicolae_shop_waterfront, uniq_ijyb
D:5:      layout_basic
D:6:      layout_loops_ring, serial_bayou_lagoon_b
D:7:      layout_gridville
D:8:      layout_layer_cave, erik_lair_orcish_takeover, gammafunk_ghost_arena
Temple:   dpeg_three_leaves_temple

Skill      XL: |  1  2  3  4  5  6  7 |
---------------+----------------------+-----
Axes           | 3 4 5 6 7 8 |  8.1
Invocations    | 3 4 6 |  6.0
Fighting       | 3 |  3.4
Dodging        | |  2.1
Stealth        | |  6.0

Action                   |  1- 3 |  4- 6 |  7- 9 || total
-------------------------+-------+-------+-------++-------
Melee: War axe           |    27 |    47 |    30 ||   104
       Unarmed           |     9 |       |       ||     9
Throw: Boomerang         |     5 |    17 |    11 ||    33
Invok: Heroism           |       |     1 |     2 ||     3
 Abil: Heal Wounds       |     3 |     5 |     3 ||    11
  Use: Scroll            |     1 |       |       ||     1
 Stab: Sleeping          |     1 |     2 |       ||     3
Armor: Leather armour    |     8 |     7 |     5 ||    20
       Scale mail        |       |       |     7 ||     7
Dodge: Dodged            |    19 |    27 |    36 ||    82

Table legend: (Time is in decaauts)
 A = Elapsed time spent in this place.
 B = Non-inter-level travel time spent in this place.
 C = Inter-level travel time spent in this place.
 D = Time resting spent in this place.
 E = Time spent auto-exploring this place.
 F = Levels seen in this place.
 G = Mean time per level.
                   A        B        C        D        E       F      G
               +--------+--------+--------+--------+--------+-----+--------+
         Total |    776 |    740 |     36 |      0 |      0 |   7 |  110.9 |
       Dungeon |    736 |    712 |     24 |      0 |      0 |   6 |  122.7 |
        Temple |     39 |     27 |     12 |      0 |      0 |   1 |   39.0 |
               +--------+--------+--------+--------+--------+-----+--------+

Top non-repeatable levels by time:
     D:6: 219 daAuts
     D:7: 195 daAuts
     D:4: 162 daAuts
     D:8: 98 daAuts
     D:5: 56 daAuts
  Temple: 39 daAuts
     D:3: 4 daAuts
